 Seeded DCSS version 0.29-a0-582-ge82337ba6a (webtiles) character file.

Game seed: 10421838384131710688 (custom seed)

24 zeratav the Cutter (level 3, 23/23 HPs)
             Began as a Kobold Monk on June 14, 2022.
             Quit the game on level 1 of the Dungeon.
             The game lasted 00:01:44 (1146 turns).

zeratav the Cutter (Kobold Monk)                    Turns: 1146, Time: 00:01:45

Health: 23/23      AC:  2    Str:  8    XL:     3   Next: 15%
Magic:  3/3        EV: 16    Int: 11    God:
Gold:   883        SH:  0    Dex: 19    Spells: 2/2 levels left

rFire   . . .      SeeInvis .   a - +0 short sword {short}
rCold   . . .      Faith    .   (no shield)
rNeg    . . .      Spirit   .   b - +0 robe
rPois   .          Reflect  .   (no helmet)
rElec   .          Harm     .   (no cloak)
rCorr   .          Rampage  .   (no gloves)
Will    .....                   (no boots)
Stlth   ++++......              (no amulet)
HPRegen 0.07/turn               (no ring)
MPRegen 0.08/turn               (no ring)

@: no status effects
A: small, no large weapons, nightstalker 3
a: no special abilities


You were on level 1 of the Dungeon.
You visited 1 branch of the dungeon, and saw 1 of its levels.

You collected 883 gold pieces.


Innate Abilities, Weirdness & Mutations

You are small and have problems with some larger weapons.
You are completely attuned to the shadows.


   Skills:
 - Level 3.2 Fighting
 + Level 4.8 Short Blades
 - Level 3.6 Dodging
 + Level 3.9 Stealth


You had 2 spell levels left.
You didn't know any spells.
Your spell library was empty.

Inventory:

Hand Weapons
 a - a +0 short sword (weapon) {short}
Missiles
 j - 4 curare-tipped darts (quivered) {=fthrowing}
Armour
 b - a +0 robe (worn)
 n - a +0 robe
   (You found it on level 1 of the Dungeon)
Scrolls
 e - a scroll of magic mapping {unknown}
 f - a scroll of enchant weapon {unknown}
 h - a scroll of blinking {unknown}
 i - a scroll of amnesia {unknown}
 k - a scroll of acquirement
Potions
 c - a potion of ambrosia
 d - a potion of curing {unknown}
 g - a potion of heal wounds {unknown}
 l - a potion of degeneration {unknown}
 m - a potion of magic {unknown}

Dungeon Overview and Level Annotations

Branches:
Dungeon (1/15)

Altars:

.......#
#.......#...# #
.......#
####....#...####
.......#
#######....#.......
.......#
#..........#...####
.......#
#..........#...# #
.....).#
#..........#...# #
.......#
#..........#...# #
.......#
#..........########
########
#.@................
#(........#########
# #.........# #
#.........# #
########### # # #


There were no monsters in sight!


Message History

A frilled lizard comes into view.
A frilled lizard is nearby!
A frilled lizard is nearby!
The helpless frilled lizard fails to defend itself.
You impale the frilled lizard!!
You kill the frilled lizard!
No target in view!
No target in view!
No target in view!
No target in view!
No target in view!
No target in view!
No target in view!
No target in view!
No target in view!
No target in view!
No target in view!
No target in view!
l - a metallic cyan potion A goblin comes into view.
It is wielding a +0 dagger.
A goblin is nearby!
You see here a scroll labelled GETILYMILL.
The goblin shouts!
The goblin closely misses you.
You barely miss the goblin. The goblin closely misses you.
You hit the goblin. The goblin closely misses you.
You closely miss the goblin. The goblin misses you.
You barely miss the goblin. The goblin closely misses you.
You closely miss the goblin. The goblin hits you with a +0 dagger.
HP[-1]
You take 1 damage, and now have 22/23 hp.
You barely miss the goblin. The goblin hits you with a +0 dagger.
HP[-4]
You take 4 damage, and now have 18/23 hp.
You hit the goblin but do no damage. The goblin hits you with a +0 dagger.
HP[-3]
You take 3 damage, and now have 15/23 hp.
You are too injured to fight recklessly!
You are too injured to fight recklessly!
You are too injured to fight recklessly!
You are too injured to fight recklessly!
You are too injured to fight recklessly!
You are too injured to fight recklessly!
You are too injured to fight recklessly!
You are too injured to fight recklessly!
You are too injured to fight recklessly!
You are too injured to fight recklessly!
You are too injured to fight recklessly!
You are too injured to fight recklessly!
You are too injured to fight recklessly!
You are too injured to fight recklessly!
You are too injured to fight recklessly!
You are too injured to fight recklessly!
You are too injured to fight recklessly!
You miss the goblin. The goblin hits you with a +0 dagger.
HP[-2]
You take 2 damage, and now have 13/23 hp.
You closely miss the goblin. You hit the goblin but do no damage.
The goblin barely misses you.
You closely miss the goblin. The goblin completely misses you.
You hit the goblin. The goblin completely misses you.
You closely miss the goblin. The goblin misses you.
You hit the goblin.
You kill the goblin!
Things that are here:
a +0 dagger {short}; a goblin corpse You start resting.
HP[+10]
Your hp is fully restored (23).
k - 2 scrolls labelled GETILYMILL (gained 1)
m - a viscous orange potion
n - a +0 robe
Found a faded altar of an unknown god.
You now have 40 gold pieces (gained 9).
There is an empty arch of ancient stone here.
A quokka comes into view.
A quokka is nearby!
A quokka is nearby!
The helpless quokka fails to defend itself.
You impale the quokka!!
You kill the quokka!
No target in view!
No target in view!
No target in view!
No target in view!
No target in view!
No target in view!
No target in view!
No target in view!
No target in view!
No target in view!
No target in view!
Done exploring.
Done exploring.
Done exploring.
This is a scroll of acquirement!
Something appears at your feet!
Unknown command.
You now have 883 gold pieces (gained 843).
Are you sure you want to abandon this character and quit the game? (Confirm with "yes".)

Skill      XL: |  1 |
---------------+----+-----
Stealth        | 3 |  3.9
Fighting       | |  3.2
Short Blades   | |  4.8
Dodging        | |  3.6

Action                   || total
-------------------------++-------
Melee: Short sword       ||    50
  Use: Scroll            ||     1
 Stab: Sleeping          ||    12
Armor: Robe              ||     6
Dodge: Dodged            ||    34

Levels and vault maps discovered:
D:1:      dpeg_arrival_rhombi, layout_basic,
          shapermc_ecumenical_altar_totnotflames, minmay_split_cup_large

Notes
Turn   | Place    | Note
-------+----------+-------------------------------------------
     0 | D:1      | zeratav the Kobold Monk began the quest for the Orb.
     0 | D:1      | Reached XP level 1. HP: 14/14 MP: 1/1
     0 | D:1      | magus.rc [v1.9.6]
    70 | D:1      | Reached skill level 3 in Stealth
    88 | D:1      | Reached XP level 2. HP: 19/19 MP: 2/2
   556 | D:1      | Reached XP level 3. HP: 23/23 MP: 3/3
   986 | D:1      | Found a faded altar of an unknown god.
  1144 | D:1      | Identified 2 scrolls of acquirement
  1144 | D:1      | Acquired 843 gold pieces
  1146 | D:1      | Quit the game

Vanquished Creatures
  A dart slug (D:1)
  A ball python (D:1)
  2 endoplasms (D:1)
  5 goblins (D:1)
  2 hobgoblins (D:1)
  2 quokkas (D:1)
  A bat (D:1)
  2 frilled lizards (D:1)
  3 kobolds (D:1)
  A rat (D:1)
20 creatures vanquished.

Table legend:
 A = Non-vault XP
 B = Vault XP
 C = Vault XP percentage of total XP
 D = Non-vault monster count
 E = Vault monster count
 F = Vault count percentage of total count
                 A         B        C        D         E       F
            +---------+---------+-------+---------+---------+-------
      Total |      29 |       6 |  17.1 |      16 |       4 |  20.0
            +---------+---------+-------+---------+---------+-------
        D:1 |      29 |       6 |  17.1 |      16 |       4 |  20.0
            +---------+---------+-------+---------+---------+-------

Illustrated notes

Table legend:
 A = Kills in this place as a percentage of kills in entire the game.
 B = Kills by you in this place as a percentage of kills by you in the entire game.
 C = Kills by friends in this place as a percentage of kills by friends in the entire game.
 D = Other kills in this place as a percentage of other kills in the entire game.
 E = Experience gained in this place as a percentage of experience gained in the entire game.
 F = Experience gained in this place divided by the number of levels of this place that you have seen.
                   A       B       C       D       E      F
               +-------+-------+-------+-------+-------+----------------------
         Total | 100.0 | 100.0 |   N/A |   N/A | 100.0 |  35.0
       Dungeon | 100.0 | 100.0 |   N/A |   N/A | 100.0 |  35.0
               +-------+-------+-------+-------+-------+----------------------

Table legend: (Time is in decaauts)
 A = Elapsed time spent in this place.
 B = Non-inter-level travel time spent in this place.
 C = Inter-level travel time spent in this place.
 D = Time resting spent in this place.
 E = Time spent auto-exploring this place.
 F = Levels seen in this place.
 G = Mean time per level.
                   A        B        C        D        E       F      G
               +--------+--------+--------+--------+--------+-----+--------+
         Total |   1140 |   1140 |      0 |    135 |    863 |   1 | 1140.0 |
       Dungeon |   1140 |   1140 |      0 |    135 |    863 |   1 | 1140.0 |
               +--------+--------+--------+--------+--------+-----+--------+

Top non-repeatable levels by time:
     D:1: 1140 daAuts
